AoeStats
← Warcanoe

Socotra

504974755Analyzed
2v2 RM · 26d ago on Sep 7, 2026· 34m 57s· 4 players
Game mode
Random Map
Map size
Tiny (2 player)
Population
200
Speed
Normal
Resources
Standard
Victory
Conquest
Starting age
Dark Age
Ending age
Imperial Age
RankedLock teamsTeams togetherTeam positionsShared explorationLock speedFull tech treeHidden civsTurbo modeCheats
Victory
Defeat
🇧🇪 Bulgarians · Belgium
1278
+16
🇨🇳 Goths · China
1241
+18
🇨🇭 Vikings · Switzerland
1278
-17
🇺🇸 Japanese · United States
1273
-17
Warcanoe
5:24 Loom
10:43 Feudal Age
11:48 Double-Bit Axe
18:35 Horse Collar
19:22 Fletching
26:31 Castle Age
24:25 Gold Mining
24:54 Padded Archer Armor
26:37 Crossbowman
29:57 Town Watch
31:45 Bodkin Arrow
32:05 Leather Archer Armor
[FW] Cray
2:24 Loom
10:45 Feudal Age
10:48 Man-at-Arms
15:11 Scale Mail Armor
17:16 Double-Bit Axe
24:31 Fletching
24:53 Horse Collar
26:15 Wheelbarrow
27:11 Forging
29:51 Castle Age
29:50 Gold Mining
29:50 Stone Mining
31:16 Iron Casting
30:56 Chain Mail Armor
30:03 Pikeman
30:49 Pikeman
31:29 Squires
Svenski
10:44 Feudal Age
9:00 Loom
13:03 Double-Bit Axe
23:41 Castle Age
23:22 Scale Barding Armor
24:01 Bloodlines
27:17 Fletching
29:47 Chain Barding Armor
30:24 Forging
30:58 Husbandry
32:52 Iron Casting
32:18 Scale Mail Armor
32:55 Gold Mining
33:53 Bow Saw
rower56
1:05 Loom
14:08 Feudal Age
14:52 Double-Bit Axe
16:28 Bloodlines
16:28 Scale Barding Armor
16:35 Forging
16:44 Horse Collar
29:11 Castle Age
29:13 Light Cavalry
29:54 Husbandry
30:34 Iron Casting
30:51 Chain Barding Armor
31:14 Fervor
Connection lost

Rejoining the realm…

Still unreachable

The connection could not be restored.

Session expired

The server has moved on; the page needs a fresh start.